 Dungeon Crawl Stone Soup version 0.28.0-53-g5a82cb258f (webtiles) character file.

Game seed: 5506494471417008543

663329 Peloso the Minotaur Barricade (level 27, -8/367 HPs)
             Began as a Minotaur Fighter on June 21, 2022.
             Was the Champion of Okawaru.
             Killed from afar by a hellion (37 damage)
             ... with damnation
             ... in Pandemonium on June 22, 2022.
             The game lasted 03:52:28 (75420 turns).

Peloso the Minotaur Barricade (Minotaur Fighter)   Turns: 75420, Time: 03:52:28

Health: -8/367     AC: 47    Str: 38    XL:     27
Magic:  34/34      EV: 25    Int: -2 (2) God:    Okawaru [******]
Gold:   4881       SH: 22    Dex: 28    Spells: 26/26 levels left

rFire   + + +      SeeInvis +   c - +6 double sword (holy)
rCold   + + +      Faith    .   f - +1 kite shield of a Gauntlet {rPois Dex+3 Stlth+}
rNeg    + + .      Spirit   .   T - +14 shadow dragon scales of the Sneaky Seas {rC+ rN+ rCorr Stlth++++}
rPois   +          Reflect  .   x - +0 hat of Litren {rN+ Will+}
rElec   +          Harm     .   G - +2 cloak "Kaumuett" {MP+9}
rCorr   +          Rampage  .   u - +5 pair of gloves "Atanegiss" {rF+ rC+}
Will    +++..      Rage     3%  y - +2 pair of boots {Fly}
Stlth   ..........              K - amulet of the Eleven Beasts {rF+ rC+ Regen+ Dex+5}
HPRegen 1.51/turn               g - ring "Ziczam" {Str+4 Int-3 Dex+6 SInv}
MPRegen 0.24/turn               h - ring "Jouxtoo" {rF+ Str+5}

@: berserking, flying, slowed, lost intelligence, studying Necromancy, unable to
read
A: horns 2, retaliatory headbutt, iridescent scales 1, thin skeletal structure
1, see invisible, berserk 2, clumsy 1, deformed body, deterioration 2, frail 1,
electricity resistance, weak 1, no potion heal 1, devolution 1
}: 5/15 runes: serpentine, barnacled, slimy, silver, glowing
a: Renounce Religion, Heroism, Finesse, Duel


You were in Pandemonium.
You worshipped Okawaru.
Okawaru was exalted by your worship.
You visited 12 branches of the dungeon, and saw 53 of its levels.
You visited Pandemonium 1 time, and saw 3 of its levels.
You visited the Abyss 1 time.
You also visited: Ossuary and Ice Cave.

You collected 8492 gold pieces.
You spent 3611 gold pieces at shops.

Inventory:

Hand Weapons
 a - a +7 double sword of flaming
 b - the +10 long sword of Okawaru's Inspiration {antimagic, Fly Str+2}
   (Okawaru gifted it to you on level 15 of the Dungeon)

   It reduces the magical energy of the wielder, and disrupts the spells and
   magical abilities of those it strikes.
   Natural abilities and divine invocations are not affected.
   Str:       It affects your strength (+2).
   Fly:       It grants you flight.
 c - a +6 double sword of holy wrath (weapon)
Armour
 f - the +1 kite shield of a Gauntlet (worn) {rPois Dex+3 Stlth+}
   (Okawaru gifted it to you on level 3 of the Elven Halls)

   Dex:       It affects your dexterity (+3).
   rPois:     It protects you from poison.
   Stlth:     It makes you more stealthy.
 u - the +5 pair of gloves "Atanegiss" (worn) {rF+ rC+}
   (Okawaru gifted it to you in Pandemonium)

   rF:        It protects you from fire.
   rC:        It protects you from cold.
 x - the +0 hat of Litren (worn) {rN+ Will+}
   (Okawaru gifted it to you on level 1 of the Vaults)

   rN:        It protects you from negative energy.
   Will:      It increases your willpower.
 y - a +2 pair of boots of flying (worn)
 G - the +2 cloak "Kaumuett" (worn) {MP+9}
   (Okawaru gifted it to you on level 2 of the Elven Halls)

   MP:        It affects your magic capacity (+9).
 H - a +2 hat of see invisible
 S - a +1 pair of gloves of dexterity
 T - the +14 shadow dragon scales of the Sneaky Seas (worn) {rC+ rN+ rCorr Stlth++++}
   (You bought it in a shop on level 4 of the Dungeon)

   rC:        It protects you from cold.
   rN:        It protects you from negative energy.
   rCorr:     It protects you from acid and corrosion.
   Stlth:     It makes you much more stealthy.
Jewellery
 g - the ring "Ziczam" (left hand) {Str+4 Int-3 Dex+6 SInv}
   (You acquired it on level 1 of the Elven Halls)

   [ring of dexterity]

   Str:       It affects your strength (+4).
   Int:       It affects your intelligence (-3).
   Dex:       It affects your dexterity (+6).
   SInv:      It lets you see invisible.
 h - the ring "Jouxtoo" (right hand) {rF+ Str+5}
   (You bought it in a shop on level 1 of the Snake Pit)

   [ring of protection from fire]

   Str:       It affects your strength (+5).
   rF:        It protects you from fire.
 n - a ring of flight
 q - a ring of protection from cold
 K - the amulet of the Eleven Beasts (around neck) {rF+ rC+ Regen+ Dex+5}
   (You found it on level 13 of the Dungeon)

   [amulet of regeneration]

   Dex:       It affects your dexterity (+5).
   rF:        It protects you from fire.
   rC:        It protects you from cold.
   Regen:     It increases your rate of health regeneration.
 R - a ring of see invisible
Wands
 o - a wand of acid (7)
 I - a wand of digging (10)
Scrolls
 e - 19 scrolls of teleportation
 i - 4 scrolls of fear
 j - 3 scrolls of fog
 k - a scroll of amnesia
 s - a scroll of acquirement
 t - a scroll of holy word
 F - 7 scrolls of immolation
 J - 3 scrolls of noise
 M - 2 scrolls of blinking
 W - 3 scrolls of magic mapping
Potions
 d - 4 potions of might
 l - 6 potions of invisibility
 m - 16 potions of curing
 p - 8 potions of heal wounds
 r - 3 potions of resistance
 z - a potion of haste
 O - 2 potions of berserk rage


   Skills:
 O Level 27 Fighting
 O Level 27 Long Blades
 + Level 24.0 Armour
 + Level 16.6 Dodging
 + Level 17.9 Stealth
 O Level 27 Shields
 + Level 1.0 Unarmed Combat
 + Level 4.4 Invocations
 + Level 1.9 Evocations


You had 26 spell levels left.
You didn't know any spells.
Your spell library contained the following spells:

 Spells                   Type           Power      Damage    Failure   Level
 Apportation              Tloc           0%         N/A       82%         1
 Beastly Appendage        Tmut           0%         N/A       82%         1
 Magic Dart               Conj           0%         1d3       82%         1
 Pain                     Necr           0%         1d4       82%         1
 Shock                    Conj/Air       0%         1d3       82%         1
 Slow                     Hex            0%         N/A       82%         1
 Sting                    Tmut/Pois      0%         1d3       82%         1
 Corpse Rot               Necr/Air       0%         N/A       91%         2
 Ensorcelled Hibernation  Hex/Ice        0%         N/A       91%         2
 Passwall                 Tmut/Erth      0%         N/A       91%         2
 Poisonous Vapours        Pois/Air       0%         N/A       91%         2
 Scorch                   Fire           0%         2d5       91%         2
 Static Discharge         Conj/Air       0%         N/A       91%         2
 Sublimation of Blood     Necr           0%         N/A       91%         2
 Wereblood                Tmut           0%         N/A       91%         2
 Confusing Touch          Hex            0%         N/A       99%         3
 Conjure Flame            Conj/Fire      0%         6-21      99%         3
 Gell's Gravitas          Tloc           0%         N/A       99%         3
 Ignite Poison            Fire/Tmut/Pois 0%         N/A       99%         3
 Lesser Beckoning         Tloc           0%         N/A       99%         3
 Mephitic Cloud           Conj/Pois/Air  0%         N/A       99%         3
 Ozocubu's Armour         Ice            0%         N/A       99%         3
 Spider Form              Tmut/Pois      0%         N/A       99%         3
 Stone Arrow              Conj/Erth      0%         3d7       99%         3
 Swiftness                Air            0%         N/A       99%         3
 Teleport Other           Tloc           0%         N/A       99%         3
 Vampiric Draining        Necr           0%         2d6       99%         3
 Airstrike                Air            0%         N/A       100%        4
 Anguish                  Hex/Necr       0%         N/A       100%        4
 Cause Fear               Hex            0%         N/A       100%        4
 Dispel Undead            Necr           0%         3d6       100%        4
 Flame Wave               Conj/Fire      0%         2d4       100%        4
 Fulminant Prism          Conj/Hex       0%         3d6       100%        4
 Iskenderun's Mystic Bla  Conj/Tloc      0%         2d3       100%        4
 Leda's Liquefaction      Hex/Erth       0%         N/A       100%        4
 Olgreb's Toxic Radiance  Pois           0%         N/A       100%        4
 Passage of Golubria      Tloc           0%         N/A       100%        4
 Petrify                  Tmut/Erth      0%         N/A       100%        4
 Sticky Flame             Conj/Fire      0%         2d3       100%        4
 Alistair's Intoxication  Tmut/Pois      0%         N/A       100%        5
 Blade Hands              Tmut           0%         N/A       100%        5
 Borgnjor's Vile Clutch   Necr/Erth      0%         N/A       100%        5
 Freezing Cloud           Conj/Ice/Air   0%         6-21      100%        5
 Irradiate                Conj/Tmut      0%         3d13      100%        5
 Iskenderun's Battlesphe  Conj           0%         2d6       100%        5
 Lee's Rapid Deconstruct  Erth           0%         3d5*      100%        5
 Lightning Bolt           Conj/Air       0%         1d11      100%        5
 Metabolic Englaciation   Hex/Ice        0%         N/A       100%        5
 Silence                  Hex/Air        0%         N/A       100%        5
 Yara's Violent Unravell  Hex/Tmut       0%         3d3       100%        5
 Dispersal                Tloc           0%         N/A       100%        6
 Iron Shot                Conj/Erth      0%         9d1       100%        6
 Starburst                Conj/Fire      0%         6d3       100%        6
 Statue Form              Tmut/Erth      0%         N/A       100%        6
 Dragon Form              Tmut           0%         N/A       100%        7
 Enfeeble                 Hex            0%         N/A       100%        7
 Ozocubu's Refrigeration  Ice            0%         4d5       100%        7
 Storm Form               Tmut/Air       0%         N/A       100%        7
 Borgnjor's Revivificati  Necr           0%         N/A       100%        8
 Lehudib's Crystal Spear  Conj/Erth      0%         10d2      100%        8
 Maxwell's Capacitive Co  Air            0%         ∞         100%        8
 Necromutation            Tmut/Necr      0%         N/A       100%        8
 Death's Door             Necr           0%         N/A       100%        9
 Polar Vortex             Ice            0%         N/A       100%        9
 Animate Skeleton         Necr           Unusable   N/A       N/A         1
 Call Imp                 Summ           Unusable   N/A       N/A         2
 Tukima's Dance           Hex            Unusable   N/A       N/A         3
 Summon Lightning Spire   Summ/Air       Unusable   N/A       N/A         4
 Death Channel            Necr           Unusable   N/A       N/A         6
 Simulacrum               Ice/Necr       Unusable   N/A       N/A         6
 Summon Cactus Giant      Summ           Unusable   N/A       N/A         6
 Haunt                    Necr/Summ      Unusable   N/A       N/A         7
 Spellforged Servitor     Conj/Summ      Unusable   N/A       N/A         7
 Infestation              Necr           Unusable   N/A       N/A         8
 Dragon's Call            Summ           Unusable   N/A       N/A         9

Dungeon Overview and Level Annotations

Branches:
Dungeon (15/15)            Temple (1/1) D:7            Lair (6/6) D:9
 Shoals (4/4) Lair:2        Snake (4/4) Lair:2        Slime (5/5) Lair:6
    Orc (2/2) D:11            Elf (3/3) Orc:2        Vaults (5/5) D:14
  Crypt (3/3) Vaults:3       Tomb (0/3) Crypt:3      Depths (4/4) D:15
   Hell (visited)             Zot (0/5) Depths:4    Ossuary (visited)
  IceCv (visited)
    Dis: Hell:1         Geh: Hell:1         Coc: Hell:1         Tar: Hell:1

Altars:
Ashenzari
Cheibriados
Dithmenos
Elyvilon
Fedhas
Gozag
Hepliaklqana
Kikubaaqudgha
Makhleb
Nemelex Xobeh
Okawaru
Qazlal
Ru
Sif Muna
Trog
Uskayaw
Vehumet
Wu Jian
Xom
Yredelemnul
Zin
The Shining One
Jiyva

Shops:
D:1 *?:   D:4 [   D:6 [?   D:12 [   Orc:1 :   Orc:2 =!((*   Elf:1 !   Elf:2 (
Snake:1 *=::   Snake:2 !   Snake:4 [   Vaults:1 !   Vaults:4 (   Vaults:5 ([
Depths:4 [

Portals:
Hell: Depths:1 Depths:2 Depths:3 Depths:4
Abyss: Depths:3 Depths:4
Pandemonium: Depths:2 Depths:3
Ziggurat: Depths:3

Annotations:
Lair:3 Casa


Innate Abilities, Weirdness & Mutations

You have a pair of horns on your head.
You reflexively headbutt those who attack you in melee.
You are partially covered in iridescent scales. (AC +2)
You have a somewhat thin skeletal structure. (Dex +2, Stealth+)
You have supernaturally acute eyesight. (SInv)
You often lose your temper in combat.
You are clumsy. (Dex -2)
Armour fits poorly on your strangely shaped body.
Your body often deteriorates upon taking damage.
You are frail. (-10% HP)
You are resistant to electric shocks. (rElec)
You are weak. (Str -2)
Potions are less effective at restoring your health.
You have hidden genetic defects.


Message History

You hear a bellow!
You hear a loud rustle.
A hellion is nearby!
The Tzitzimitl gestures at you. The bolt of negative energy misses you.
There is an open door here.
You closely miss the ynoxinul.
The Tzitzimitl calls on the powers of darkness!
Your body is wracked with pain!
Unknown command.
You barely miss the ynoxinul. You headbutt the ynoxinul!
The ynoxinul is moderately wounded.
The ynoxinul gestures at you. The iron shot hits you!!
The Tzitzimitl calls on the powers of darkness!
Your body is wracked with pain!
* * * LOW HITPOINT WARNING * * *
Your body deteriorates!
You feel dopey. You block the ynoxinul's attack.
You barely miss the ynoxinul.
The ynoxinul is moderately wounded.
The ynoxinul gestures at you. You block the iron shot.
Unknown command.
The Tzitzimitl calls on the powers of darkness!
Your body is wracked with pain!
* * * LOW HITPOINT WARNING * * *
The Tzitzimitl calls on the powers of darkness!
Your body is wracked with pain!
* * * LOW HITPOINT WARNING * * *
The Tzitzimitl calls on the powers of darkness!
Your body is wracked with pain!
* * * LOW HITPOINT WARNING * * *
Unknown command.
A red film seems to cover your vision as you go berserk!
You feel yourself moving faster!
You feel mighty!
You slice the ynoxinul!!
You kill the ynoxinul!
Okawaru accepts your kill. The hellion gestures at you.
The sphere of damnation explodes!
The damnation engulfs you!!!
You die...

##.# #.# #.# #......##
#.# #.# ##.###.....##
#.# #.# #.........##
##.###.####..###...##
.............####...##
##.....####..#.......##
##. . 2.....2.......##
'####+#........#
....2.##@........
#1'.......## #.....#
#44#......## #.....#
.&'1.#.....## #.....#
.'..'..#....## #.....#
.#''#..#...## ......+
#....#.'...#
#.....##......##.#.#
#......#'####' ....


You could see Jous, 2 Tzitzimimeh, a hellion and 2 chaos spawn.

Vanquished Creatures
  the Royal Jelly (Slime:5)
  Dissolution (Slime:3)
  Mnoleg (Pan)
  A dread lich (Vaults:5)
  Mennas (Depths:3)
  Mara (Shoals:3)
  A juggernaut (Depths:2)
  Boris (Depths:3)
  Bai Suzhen (Crypt:3)
  Frederick (Vaults:4)
  The ghost of Woadakig the Executioner, a veteran FoFi of Dithmenos (Crypt:1)
  A pandemonium lord (Pan)
  3 golden dragons (Depths:4)
  Nikola (Shoals:1)
  A caustic shrike (Depths:2)
  A profane servitor (Crypt:3)
  Geryon (Hell)
  the Enchantress (Depths:4)
  3 bone dragons
  A shard shrike zombie (Crypt:3)
  Rupert (Orc:1)
  2 searing wretches (Hell)
  5 titans
  8 liches
  10 tentacled monstrosities
  4 quicksilver dragons
  2 deep elf master archers
  A deep elf blademaster (Elf:2)
  Murray (Hell)
  Polyphemus (Shoals:3)
  An ancient champion (Crypt:1)
  16 acid blobs
  2 tentacled starspawn (Abyss:2)
  The ghost of popps the Warrior, an adept GrFi of Okawaru (Shoals:2)
  An Executioner (Pan)
  Gastronok (D:8)
  13 tengu reavers
  7 sphinxes
  An eldritch tentacle (Pan)
  2 storm dragons (Vaults:5)
  Ilsuiw (Shoals:2)
  10 shadow dragons
  2 revenants
  8 rockslimes
  3 demonspawn warmongers (Pan)
  12 nagarajas
  3 iron dragons
  3 orc warlords
  10 fire giants
  7 azure jellies
  12 frost giants
  3 draconian knights (Depths:4)
  7 deep elf sorcerers
  20 vault wardens
  2 balrugs
  4 curse skulls
  An angel (Abyss:2)
  20 cacodemons
  3 war gargoyles
  5 demonspawn corrupters (Pan)
  7 deep elf elementalists (Elf:3)
  Aizul (Crypt:1)
  2 demonspawn blood saints (Pan)
  3 spriggan defenders (Depths:4)
  13 ghouls
  11 quicksilver oozes
  2 juggernaut skeletons
  4 reapers (Pan)
  48 very ugly things
  27 ironbound preservers
  Nessos (Lair:4)
  10 ironbound thunderhulks
  3 lorocyprocas (Pan)
  19 stone giants
  5 deep elf demonologists
  7 vampire knights
  The ghost of Odimp the Protected, a journeyman KoWn of Wu Jian (Lair:4)
  A black draconian (Depths:4)
  A purple draconian (Depths:4)
  2 yellow draconians (Depths:4)
  4 demonspawn black suns (Pan)
  2 entropy weavers (Vaults:2)
  A spark wasp (Depths:2)
  2 dire elephants (Vaults:2)
  5 deep elf annihilators (Elf:3)
  3 white draconians
  The ghost of Deukiw the Imperceptible, a journeyman SpEn of Gozag (D:13)
  16 deep elf death magi
  4 merfolk javelineers (Shoals:4)
  4 green deaths
  An iron golem (Depths:1)
  10 jiangshi
  4 crystal guardians
  9 yaktaur captains
  11 eidola
  The ghost of Yqoodd the Thaumaturge, a journeyman GnWr of Kikubaaqudgha (D:12)
  16 ettins
  10 merfolk impalers
  6 deep elf high priests
  A mummy priest (Crypt:3)
  2 blizzard demons (Hell)
  8 fire dragons
  3 rakshasas
  19 naga warriors
  15 great orbs of eyes
  An ice dragon (shapeshifter) (Depths:3)
  30 vault guards
  8 salamander tyrants
  13 hydras
  3 peacekeepers
  9 ice dragons
  6 merfolk avatars
  A spriggan zombie (Crypt:3)
  4 ogre magi
  4 spriggan air magi
  Erolcha (D:10)
  11 boulder beetles
  3 death knights (Crypt:3)
  2 catoblepae
  A hell beast (Pan)
  6 merfolk aquamancers
  Erica (D:8)
  15 ironbound frosthearts
  14 two-headed ogres
  9 centaur warriors
  2 anacondas
  34 dancing weapons
  13 deep troll earth magi
  11 death yaks
  3 hell hogs (Abyss:2)
  7 deep troll shamans
  7 tengu warriors
  6 vampire magi
  8 satyrs
  6 thrashing horrors (Abyss:2)
  12 shock serpents
  2 spriggan berserkers
  Nergalle (D:11)
  17 naga sharpshooters
  3 orc high priests (Orc:2)
  11 soul eaters
  7 sun demons
  18 hell knights
  Sonja (Orc:1)
  24 skeletal warriors
  9 iron trolls
  28 deep elf knights
  12 sixfirhies (Pan)
  5 salamander mystics
  2 spatial maelstroms (Abyss:2)
  A bunyip zombie (Crypt:3)
  A glowing orange brain (shapeshifter) (Vaults:5)
  2 glowing orange brains
  10 sea snakes
  6 flayed ghosts
  9 shadow demons (Pan)
  A golden dragon skeleton (Depths:3)
  104 deep trolls
  5 naga ritualists
  10 ironbound convokers
  3 bog bodies (Crypt:1)
  25 harpies
  11 necromancers
  27 phantasmal warriors
  6 wizards
  13 lindwurms
  An orange crystal statue (IceCv)
  2 shining eyes (Pan)
  30 deep elf zephyrmancers
  11 mana vipers
  16 orc knights
  44 ugly things
  19 deep elf archers
  2 mana vipers (shapeshifter) (Vaults:5)
  A tengu skeleton (Vaults:3)
  11 manticores
  3 stone giant zombies
  6 orc sorcerers
  35 deep elf pyromancers
  5 cyclopes
  A wolf spider (shapeshifter) (Vaults:4)
  A will-o-the-wisp (Abyss:2)
  2 cyclopes (shapeshifter)
  2 iron dragon zombies (Crypt:3)
  33 fauns
  A titan simulacrum (Abyss:2)
  15 merfolk sirens
  19 salamanders
  A fire giant skeleton (Vaults:3)
  Maurice (Orc:1)
  18 vault sentinels
  4 rust devils
  9 guardian serpents
  A frost giant skeleton (Depths:3)
  2 apocalypse crabs (Abyss:2)
  29 black mambas
  2 torpor snails (Lair:6)
  3 dire elephant zombies (Crypt:3)
  7 water nymphs
  4 smoke demons (Pan)
  2 eyes of devastation (Slime:5)
  10 cane toads
  18 naga magi
  A torpor snail (shapeshifter) (Depths:4)
  4 centaur skeletons (D:14)
  An alligator snapping turtle zombie (Crypt:3)
  16 orange demons
  Psyche (D:8)
  8 freezing wraiths
  Maggie (D:8)
  49 yaktaurs
  A hellion (Abyss:2)
  2 gargoyles
  10 komodo dragons
  3 demonic crawlers (Pan)
  3 hellwings
  A tormentor (Pan)
  A komodo dragon (shapeshifter) (D:13)
  10 rime drakes
  2 ice devils
  2 unseen horrors
  A spectral water nymph (Shoals:2)
  An efreet (Pan)
  A guardian mummy (Crypt:3)
  2 tengu conjurers (Depths:4)
  17 polar bears
  2 harpy zombies (Crypt:3)
  2 red devils (Depths:3)
  2 grey draconian skeletons
  6 hornets
  6 wind drakes
  Grinder (D:6)
  Prince Ribbit (D:6)
  4 trolls
  21 blink frogs
  A death drake skeleton (Crypt:2)
  26 merfolk
  2 spectral merfolk (Shoals:2)
  2 hydra skeletons
  A boulder beetle zombie (Crypt:2)
  A jumping spider zombie (Crypt:1)
  2 shadow dragon simulacra
  84 slime creatures
  A spectral manticore (Shoals:2)
  8 dream sheep
  9 snapping turtles
  5 jumping spiders (Crypt:3)
  2 air elementals (Elf:1)
  A centaur simulacrum (D:14)
  A vampire (D:10)
  26 water elementals
  6 flying skulls (Crypt:1)
  13 spriggans
  A shadow (D:8)
  A wyvern (Lair:4)
  6 ynoxinuls
  An ettin skeleton (Crypt:2)
  9 wraiths
  5 basilisks
  3 fire elementals
  An alligator snapping turtle simulacrum (Crypt:2)
  2 ushabtiu (Crypt:3)
  37 yaks
  A tyrant leech zombie (Crypt:2)
  2 steam dragons
  22 neqoxecs (Pan)
  5 golden eyes
  21 vampire mosquitoes
  20 chaos spawn
  2 spatial vortices (Abyss:2)
  5 redbacks
  Edmund (D:6)
  42 nagas
  4 small abominations (Abyss:2)
  5 wargs (Orc:1)
  An acid dragon (D:13)
  7 hell hounds (D:14)
  25 water moccasins
  25 large abominations
  A merfolk skeleton (Crypt:2)
  5 floating eyes
  2 ice beasts
  A swamp drake (D:11)
  3 black bears (Lair:6)
  A blink frog zombie (Crypt:1)
  15 necrophages
  17 orc warriors
  4 boggarts (Lair:6)
  A manticore zombie (Crypt:1)
  A hog zombie (Crypt:1)
  27 wolves
  15 ogres
  A tengu (shapeshifter) (Depths:2)
  12 centaurs
  A wind drake simulacrum (Shoals:2)
  A fire crab zombie (Crypt:2)
  A salamander zombie (Crypt:2)
  A kobold brigand (D:7)
  11 bullfrogs
  14 scorpions
  A glowing shapeshifter simulacrum (Depths:3)
  2 merfolk simulacra (Shoals:2)
  A palentonga skeleton (Crypt:2)
  10 wyvern skeletons
  A water moccasin skeleton (D:6)
  14 killer bees
  A yak skeleton (Crypt:1)
  2 snapping turtle simulacra (Shoals:2)
  6 centaur zombies
  An electric eel (D:9)
  2 howler monkeys
  A bullfrog zombie (D:6)
  A quasit (Abyss:2)
  19 orc priests
  2 human zombies (Ossuary)
  2 jellies
  9 hounds
  2 iguanas
  5 scorpion zombies
  19 orc wizards
  8 hell rats
  2 killer bee zombies
  4 hound skeletons
  3 mummies (Ossuary)
  10 gnolls
  2 howler monkey skeletons
  3 howler monkey zombies
  11 adders
  2 shadow imps
  4 ufetubi
  An adder skeleton (D:4)
  2 worms
  2 dart slugs
  59 orcs
  2 ball pythons (D:3)
  3 endoplasms
  2 giant cockroaches
  9 goblins
  4 hobgoblins
  5 jackals
  3 quokkas
  2 bats (D:1)
  2 frilled lizards (D:1)
  2 goblin zombies (Ossuary)
  2 hobgoblin zombies (Ossuary)
  A jackal skeleton (Crypt:2)
  9 kobolds
  3 kobold zombies (Ossuary)
  3 orc zombies (Ossuary)
  3 rats
  A rat skeleton (Crypt:1)
  A lurking horror (Abyss:2)
  A plant (Shoals:4)
2597 creatures vanquished.

Vanquished Creatures (others)
  An ice dragon (Depths:3)
  A large abomination (Pan)
  2 deep elf knights (Elf:2)
  2 golden eyes
  A chaos spawn (Pan)
  A small abomination (Abyss:2)
  An orc wizard (Orc:1)
  A hell rat (Hell)
  3 orcs
  A demonic plant (Abyss:2)
  40 fungi
  204 plants
  8 starspawn tentacles
  7 withered plants (Crypt:3)
273 creatures vanquished.

Grand Total: 2870 creatures vanquished

Notes
Turn   | Place    | Note
-------+----------+-------------------------------------------
     0 | D:1      | Peloso the Minotaur Fighter began the quest for the Orb.
     0 | D:1      | Reached XP level 1. HP: 19/19 MP: 0/0
    27 | D:1      | Found Hoarem's General Store.
   199 | D:1      | Found Piurph's Book Shop.
   419 | D:1      | Reached XP level 2. HP: 26/27 MP: 1/1
   792 | D:1      | Found Qeot's Magic Scroll Shop.
  1270 | D:2      | Reached XP level 3. HP: 31/33 MP: 2/2
  1585 | D:2      | Found a faded altar of an unknown god.
  1800 | D:3      | Noticed a scorpion
  1812 | D:3      | Killed a scorpion
  1813 | D:3      | Reached XP level 4. HP: 35/41 MP: 3/3
  1901 | D:3      | Reached XP level 5. HP: 29/47 MP: 4/4
  2535 | D:3      | Found a sacrificial altar of Ru.
  2765 | D:3      | Noticed an ogre
  2790 | D:3      | Killed an ogre
  2791 | D:3      | Reached skill level 5 in Armour
  3073 | D:4      | Reached skill level 5 in Long Blades
  3073 | D:4      | Reached XP level 6. HP: 42/55 MP: 5/5
  3306 | D:4      | Found a sand-covered staircase.
  3315 | Ossuary  | Entered an ossuary
  3367 | Ossuary  | Reached skill level 1 in Dodging
  3405 | Ossuary  | Reached skill level 5 in Fighting
  3412 | Ossuary  | Reached XP level 7. HP: 60/61 MP: 6/6
  3457 | Ossuary  | Reached skill level 1 in Stealth
  4057 | Ossuary  | Reached XP level 8. HP: 14/70 MP: 7/7
  4084 | Ossuary  | Reached skill level 5 in Shields
  5059 | D:4      | Found Bayajidda's Dragon-Slaying Spoils.
  5365 | D:5      | Entered Level 5 of the Dungeon
  6021 | D:5      | Reached XP level 9. HP: 59/79 MP: 8/8
  6592 | D:6      | Found a blossoming altar of Fedhas.
  6771 | D:6      | Noticed Grinder
  7088 | D:6      | Paralysed by Grinder for 3 turns
  7098 | D:6      | Killed Grinder
  7263 | D:6      | Found Vuash's Magic Scroll Emporium.
  7287 | D:6      | Noticed Prince Ribbit
  7304 | D:6      | Killed Prince Ribbit
  7360 | D:6      | Bought a scroll of magic mapping for 38 gold pieces
  7376 | D:6      | Bought a scroll of identify for 22 gold pieces
  7376 | D:6      | Bought a scroll of identify for 22 gold pieces
  7460 | D:6      | Found an ornate altar of the Wu Jian Council.
  7557 | D:6      | Noticed Edmund
  7576 | D:6      | Killed Edmund
  7577 | D:6      | Reached skill level 10 in Long Blades
  7680 | D:6      | Found Roew's Armour Shop.
  7883 | D:7      | Found a shadowy altar of Dithmenos.
  7977 | D:7      | Found a staircase to the Ecumenical Temple.
  7986 | Temple   | Entered the Ecumenical Temple
  8140 | Temple   | Became a worshipper of Warmaster Okawaru
  8351 | D:7      | Noticed a two-headed ogre
  8366 | D:7      | HP: 2/81 [two-headed ogre/+0 giant club (9)]
  8372 | D:7      | Killed a two-headed ogre
  8372 | D:7      | Reached * piety under Okawaru
  8373 | D:7      | Reached skill level 10 in Armour
  8373 | D:7      | Reached XP level 10. HP: 32/88 MP: 9/9
  8868 | D:8      | Reached skill level 1 in Unarmed Combat
  8893 | D:8      | Reached ** piety under Okawaru
  9042 | D:8      | Found a snail-covered altar of Cheibriados.
  9075 | D:8      | Noticed Psyche
  9078 | D:8      | Killed Psyche
  9149 | D:8      | Found an opulent altar of Gozag.
  9380 | D:8      | Noticed Erica
  9390 | D:8      | Killed Erica
  9622 | D:8      | Noticed Maggie
  9629 | D:8      | Killed Maggie
  9629 | D:8      | Reached *** piety under Okawaru
  9764 | D:8      | Noticed a skeletal warrior
  9764 | D:8      | Found the +5 scythe "Finisher" {speed, eviscerate}
  9776 | D:8      | Killed a skeletal warrior
  9949 | D:8      | Noticed Gastronok
  9968 | D:8      | Killed Gastronok
  9968 | D:8      | Reached **** piety under Okawaru
  9969 | D:8      | Reached XP level 11. HP: 97/97 MP: 10/10
 10261 | D:9      | Found a shimmering blue altar of Sif Muna.
 10262 | D:9      | Found a stormy altar of Qazlal.
 10312 | D:9      | Found a glowing silver altar of Zin.
 10371 | D:9      | Found a basalt altar of Yredelemnul.
 10371 | D:9      | Found a burning altar of Makhleb.
 10396 | D:9      | Paralysed by a hornet for 3 turns
 10403 | D:9      | Paralysed by a hornet for 1 turns
 10618 | D:9      | Noticed a two-headed ogre
 10624 | D:9      | Killed a two-headed ogre
 11227 | D:9      | Found a staircase to the Lair.
 11403 | D:10     | Entered Level 10 of the Dungeon
 11491 | D:10     | Reached ***** piety under Okawaru
 11529 | D:10     | Noticed a centaur warrior
 11543 | D:10     | Killed a centaur warrior
 12002 | D:10     | Noticed Erolcha
 12007 | D:10     | Killed Erolcha
 12008 | D:10     | Reached skill level 10 in Fighting
 12625 | D:11     | Noticed Nergalle
 12726 | Lair:1   | Entered Level 1 of the Lair of Beasts
 12757 | Lair:1   | Noticed a six-headed hydra
 12848 | D:9      | Killed a three-headed hydra
 12856 | D:9      | Reached XP level 12. HP: 31/107 MP: 9/11
 13143 | D:9      | Reached skill level 1 in Evocations
 13520 | Lair:1   | Noticed a seven-headed hydra
 13524 | Lair:1   | Noticed a six-headed hydra
 13526 | Lair:1   | Killed a five-headed hydra
 13532 | Lair:1   | Killed a three-headed hydra
 13532 | Lair:1   | Reached ****** piety under Okawaru
 13532 | Lair:1   | Received a gift from Okawaru
 13758 | Lair:1   | Noticed a five-headed hydra
 13765 | Lair:1   | Killed a two-headed hydra
 13971 | Lair:1   | Reached skill level 1 in Invocations
 14149 | Lair:1   | Identified the +0 robe of Avaweoh {rPois Int+4}
 15167 | Lair:2   | Found a staircase to the Snake Pit.
 15420 | Lair:2   | Noticed a four-headed hydra
 15427 | Lair:2   | Killed a one-headed hydra
 15428 | Lair:2   | Reached skill level 15 in Long Blades
 15919 | Lair:2   | Found a staircase to the Shoals.
 16429 | Lair:3   | Received a gift from Okawaru
 16457 | Lair:3   | Noticed a four-headed hydra
 16458 | Lair:3   | Noticed a four-headed hydra
 16473 | Lair:3   | Killed a one-headed hydra
 16474 | Lair:3   | Reached XP level 13. HP: 106/119 MP: 5/13
 16630 | Lair:3   | Reached skill level 10 in Shields
 16666 | Lair:3   | Reached skill level 15 in Armour
 17629 | D:11     | Found a staircase to the Orcish Mines.
 17885 | D:11     | Killed Nergalle
 18293 | D:11     | Identified the +5 quarterstaff of Jocular Forgiveness
                  | {freeze, Fragile rElec Dex+4} (Okawaru gifted it to you on
                  | level 11 of the Dungeon)
 18293 | D:11     | Received a gift from Okawaru
 18843 | Orc:1    | Entered Level 1 of the Orcish Mines
 18876 | Orc:2    | Entered Level 2 of the Orcish Mines
 18876 | Orc:2    | Noticed Rupert
 18876 | Orc:2    | Found Lutwolyn's Assorted Antiques.
 18939 | Orc:1    | Killed Rupert
 19472 | Orc:2    | Paralysed by an orc sorcerer for 2 turns
 19476 | Orc:2    | Gained mutation: You are weak. (Str -2) [a neqoxec]
 19482 | Orc:2    | Identified the +0 shadow dragon scales of Leapfrog {+Blink
                  | rPois Will- Str-5 Stlth++++} (Okawaru gifted it to you on
                  | level 2 of the Orcish Mines)
 19482 | Orc:2    | Received a gift from Okawaru
 20672 | Orc:2    | Found a staircase to the Elven Halls.
 20709 | Orc:2    | Reached skill level 5 in Dodging
 20940 | Orc:2    | Found Ugimp's Jewellery Boutique.
 20940 | Orc:2    | Found Alitoife's Distillery.
 20942 | Orc:2    | Found Jiwemmua's Weapon Boutique.
 20942 | Orc:2    | Found Uniongi's Weapon Emporium.
 21204 | Orc:1    | Found Ataug's Book Boutique.
 21206 | Orc:1    | Noticed an ettin
 21215 | Orc:1    | Killed an ettin
 21487 | Orc:1    | Reached XP level 14. HP: 71/130 MP: 2/14
 21798 | Orc:1    | Noticed Sonja
 21810 | Orc:1    | Killed Sonja
 22164 | Orc:1    | Noticed Maurice
 22175 | Orc:1    | Killed Maurice
 22884 | D:12     | Found Cypluwya's Antique Armour Shoppe.
 23067 | D:12     | Identified the +1 robe of Dedoyv {rF+ Int+4}
 23944 | D:12     | Identified the +0 buckler "Duinkiw" {rElec} (Okawaru gifted
                  | it to you on level 12 of the Dungeon)
 23944 | D:12     | Received a gift from Okawaru
 24338 | D:13     | Found a runed translucent gate.
 24338 | D:13     | Found an ancient bone altar of Kikubaaqudgha.
 24339 | D:13     | Found a runed translucent gate.
 24339 | D:13     | Found a runed translucent gate.
 24339 | D:13     | Noticed Yqoodd's ghost (journeyman GnWr)
 24339 | D:13     | Noticed Deukiw's ghost (journeyman SpEn)
 24339 | D:13     | Noticed a lich
 24341 | D:13     | Noticed a lich
 24341 | D:13     | Noticed a lich
 24954 | D:13     | Killed a lich
 24959 | D:13     | Killed a lich
 25327 | D:12     | Killed a lich
 25338 | D:12     | Killed Yqoodd's ghost
 25963 | D:13     | Identified the +1 pair of gloves of the Sun {*Slow +Inv
                  | rPois Int+7}
 25967 | D:13     | Identified the amulet of the Eleven Beasts {rF+ rC+ Regen+
                  | Dex+5}
 26013 | D:12     | Lost mutation: You are weak. (Str -2) [potion of mutation]
 26013 | D:12     | Gained mutation: Your body sometimes deteriorates upon
                  | taking damage. [potion of mutation]
 26013 | D:12     | Gained mutation: You have hidden genetic potential. [potion
                  | of mutation]
 26275 | Lair:3   | Lost mutation: You have hidden genetic potential. [potion
                  | of mutation]
 26275 | Lair:3   | Lost mutation: Your body sometimes deteriorates upon taking
                  | damage. [potion of mutation]
 26275 | Lair:3   | Gained mutation: You sometimes lose the ability to read
                  | scrolls when taking damage. [potion of mutation]
 26275 | Lair:3   | Gained mutation: You are weak. (Str -2) [potion of
                  | mutation]
 26275 | Lair:3   | Gained mutation: Your spells are a little harder to cast,
                  | but a little more powerful. [potion of mutation]
 26275 | Lair:3   | Gained mutation: You are robust. (+10% HP) [potion of
                  | mutation]
 26281 | Lair:3   | Lost mutation: You are weak. (Str -2) [potion of mutation]
 26281 | Lair:3   | Lost mutation: You are robust. (+10% HP) [potion of
                  | mutation]
 26281 | Lair:3   | Gained mutation: You are partially covered in iridescent
                  | scales. (AC +2) [potion of mutation]
 26281 | Lair:3   | Gained mutation: Your flesh is cold resistant. (rC+)
                  | [potion of mutation]
 26640 | Lair:4   | Reached skill level 15 in Fighting
 26691 | Lair:4   | Noticed Nessos
 26705 | Lair:4   | Killed Nessos
 26881 | Lair:4   | Found a runed translucent door.
 26881 | Lair:4   | Noticed Odimp's ghost (journeyman KoWn)
 26920 | Lair:4   | You fall into a shaft and drop 2 floors!
 26920 | Lair:6   | Entered Level 6 of the Lair of Beasts
 26985 | Lair:6   | Received a gift from Okawaru
 27600 | Lair:4   | Killed Odimp's ghost
 27607 | Lair:4   | Lost mutation: You sometimes lose the ability to read
                  | scrolls when taking damage. [potion of mutation]
 27607 | Lair:4   | Lost mutation: Your flesh is cold resistant. (rC+) [potion
                  | of mutation]
 27607 | Lair:4   | Lost mutation: Your spells are a little harder to cast, but
                  | a little more powerful. [potion of mutation]
 27607 | Lair:4   | Gained mutation: You passively dampen the noise of your
                  | surroundings. [potion of mutation]
 27607 | Lair:4   | Gained mutation: You are resistant to electric shocks.
                  | (rElec) [potion of mutation]
 27840 | D:4      | Bought the +14 shadow dragon scales of the Sneaky Seas {rC+
                  | rN+ rCorr Stlth++++} for 1743 gold pieces
 28107 | Lair:5   | Reached XP level 15. HP: 141/141 MP: 5/15
 29076 | Lair:6   | Found a viscous altar of Jiyva.
 29076 | Lair:6   | Found a staircase to the Slime Pits.
 29176 | Lair:6   | Identified the +6 scale mail "Zekkimof" {Harm Will+}
                  | (Okawaru gifted it to you on level 6 of the Lair of Beasts)
 29176 | Lair:6   | Received a gift from Okawaru
 30816 | D:14     | Found a gate to the Vaults.
 30866 | D:14     | Got Sif Muna's Papyrus of Battle Magic and Weightlessness
 31405 | D:14     | Received a gift from Okawaru
 31534 | D:15     | Entered Level 15 of the Dungeon
 31708 | D:15     | Reached XP level 16. HP: 151/155 MP: 5/16
 31710 | D:15     | Identified the +10 long sword of Okawaru's Inspiration
                  | {antimagic, Fly Str+2} (Okawaru gifted it to you on level
                  | 15 of the Dungeon)
 31710 | D:15     | Received a gift from Okawaru
 31872 | D:15     | Found a staircase to the Depths.
 32713 | Elf:1    | Entered Level 1 of the Elven Halls
 32724 | Elf:1    | Reached skill level 5 in Stealth
 32774 | Elf:1    | Paralysed by an air elemental for 1 turns
 32777 | Elf:1    | Paralysed by an air elemental for 1 turns
 32994 | Elf:1    | Found Kagum Julovi's Distillery.
 33006 | Elf:1    | Bought a potion of mutation for 104 gold pieces
 33349 | Elf:1    | Identified the +11 falchion of Yron {spect, rCorr} (Okawaru
                  | gifted it to you on level 1 of the Elven Halls)
 33349 | Elf:1    | Received a gift from Okawaru
 33774 | Elf:1    | Received a gift from Okawaru
 34056 | Elf:2    | Found the +8 whip "Snakebite" {venom, curare, rPois}
 34224 | Elf:2    | Reached XP level 17. HP: 123/166 MP: 17/17
 34403 | Elf:2    | Found a runed translucent gate.
 34408 | Elf:2    | Identified the +2 cloak "Kaumuett" {MP+9} (Okawaru gifted
                  | it to you on level 2 of the Elven Halls)
 34408 | Elf:2    | Received a gift from Okawaru
 34413 | Elf:2    | Found a runed translucent gate.
 34413 | Elf:2    | Found a runed translucent gate.
 34478 | Elf:2    | Found Suipsona's Weapon Shop.
 34738 | Elf:2    | Noticed a deep elf blademaster
 34754 | Elf:2    | Noticed a deep elf master archer
 34766 | Elf:2    | Killed a deep elf blademaster
 34776 | Elf:2    | Killed a deep elf master archer
 35148 | Elf:3    | Entered Level 3 of the Elven Halls
 35158 | Elf:3    | Identified 2 scrolls of acquirement
 35363 | Elf:3    | Reached skill level 15 in Shields
 35399 | Elf:3    | Identified the +1 kite shield of a Gauntlet {rPois Dex+3
                  | Stlth+} (Okawaru gifted it to you on level 3 of the Elven
                  | Halls)
 35399 | Elf:3    | Received a gift from Okawaru
 35800 | Elf:3    | Cast into level 2 of the Abyss (a deep elf sorcerer)
 36056 | Abyss:2  | Noticed a tentacled monstrosity
 36063 | Abyss:2  | Killed a tentacled monstrosity
 36614 | Abyss:2  | Noticed a bone dragon
 36635 | Abyss:2  | Killed a bone dragon
 36643 | Elf:3    | Escaped the Abyss
 36694 | Elf:3    | Noticed a deep elf master archer
 36702 | Elf:3    | Killed a deep elf master archer
 36861 | Elf:3    | Found the +9 staff of Olgreb {rPois∞}
 36866 | Elf:3    | Found the +5 demon whip "Spellbinder" {antimagic, Will+}
 36883 | Elf:3    | Identified the +1 robe of Duck's Teeth {rN++}
 36901 | Elf:3    | Identified the +10 rapier of the Pariah {freeze, Int+2
                  | Dex+2}
 36903 | Elf:3    | Got Reymaeh's Almanac of the Compass and Stones
 36914 | Elf:3    | Identified the +5 war axe of the First Heavens {venom,
                  | +Blink rElec}
 36957 | Elf:3    | Identified the +6 war axe "Reta" {chaos, rPois rN+ Dex-2}
 37087 | Elf:3    | Acquired 1295 gold pieces
 37979 | D:13     | Killed Deukiw's ghost
 37980 | D:13     | Reached XP level 18. HP: 177/177 MP: 19/19
 38731 | Elf:2    | Received a gift from Okawaru
 39166 | Snake:1  | Entered Level 1 of the Snake Pit
 39218 | Snake:1  | Found Bish's Jewellery Shoppe.
 39218 | Snake:1  | Found Yzenebod's General Store.
 39796 | Snake:1  | Found Voahuqiute's Self-Improvement Boutique.
 39875 | Snake:1  | Found Suagow's Book Boutique.
 40315 | Snake:2  | Found Naothr Xask's Distillery.
 40423 | Snake:2  | Bought a potion of mutation for 120 gold pieces
 40423 | Snake:2  | Bought a potion of mutation for 120 gold pieces
 41219 | Shoals:1 | Entered Level 1 of the Shoals
 41369 | Shoals:1 | Received a gift from Okawaru
 41791 | Shoals:1 | Noticed Nikola
 41802 | Shoals:1 | Killed Nikola
 42068 | Shoals:2 | Noticed Ilsuiw
 42072 | Shoals:2 | Found a frozen archway.
 42104 | Shoals:2 | Killed Ilsuiw
 42207 | IceCv    | Entered an ice cave
 42445 | IceCv    | Reached XP level 19. HP: 158/187 MP: 9/20
 42527 | IceCv    | HP: 9/187 [ironbound frostheart/creeping frost (32)]
 42764 | IceCv    | Identified the +0 pair of boots of Autumn {MP-9 Dex+5}
 43196 | Shoals:2 | Found a runed translucent gate.
 43196 | Shoals:2 | Found a runed translucent gate.
 43196 | Shoals:2 | Found a runed translucent gate.
 43197 | Shoals:2 | Noticed popps's ghost (adept GrFi)
 43426 | Shoals:2 | Identified the +4 scale mail of Cloud Cover {rC- rN+ Str+8
                  | Int+3} (Okawaru gifted it to you on level 2 of the Shoals)
 43426 | Shoals:2 | Received a gift from Okawaru
 43972 | Shoals:2 | Killed popps's ghost
 44093 | Shoals:3 | Noticed Mara
 44108 | Shoals:3 | Noticed Peloso's illusion
 44119 | Shoals:3 | Killed Mara
 44363 | Shoals:3 | Noticed Polyphemus
 45139 | Shoals:3 | Killed Polyphemus
 45761 | D:1      | Bought a scroll of brand weapon for 200 gold pieces
 46714 | Snake:3  | Received a gift from Okawaru
 46714 | Snake:3  | Found the +7 Kryia's mail coat {PotionHeal*2 rC+}
 47167 | Snake:4  | Entered Level 4 of the Snake Pit
 47496 | Snake:4  | Reached XP level 20. HP: 166/198 MP: 21/21
 47930 | Snake:4  | Found Naleg's Antique Armour Shop.
 48084 | Snake:4  | Reached skill level 10 in Stealth
 48292 | Snake:4  | Received a gift from Okawaru
 48979 | Snake:4  | Got a serpentine rune of Zot
 49193 | Shoals:1 | Identified the +6 hand axe "Lackoaji" {elec, *Rage rPois
                  | rF+++ Will- SInv}
 49214 | Shoals:4 | Entered Level 4 of the Shoals
 49596 | Shoals:4 | Got a barnacled rune of Zot
 49668 | Shoals:4 | Identified the amulet of the Freezing Madman {RegenMP
                  | +Blink rPois Int-4}
 51110 | Vaults:1 | Entered Level 1 of the Vaults
 51548 | Vaults:1 | Reached XP level 21. HP: 191/209 MP: 22/22
 51619 | Vaults:1 | Identified the +2 robe of Decompression {MP-9 Str+3 Int+6}
 51634 | Vaults:1 | Found a radiant altar of Vehumet.
 51658 | Vaults:1 | Identified the +0 hat of Litren {rN+ Will+} (Okawaru gifted
                  | it to you on level 1 of the Vaults)
 51658 | Vaults:1 | Received a gift from Okawaru
 52312 | Vaults:1 | Found Dodaupn's Distillery.
 52320 | Vaults:1 | Bought a potion of might for 80 gold pieces
 52320 | Vaults:1 | Bought a potion of mutation for 160 gold pieces
 52730 | Vaults:1 | Received a gift from Okawaru
 52754 | Vaults:2 | Reached skill level 10 in Dodging
 53418 | Vaults:2 | Identified the +2 plate armour of Pessimism {Dex+7}
                  | (Okawaru gifted it to you on level 2 of the Vaults)
 53418 | Vaults:2 | Received a gift from Okawaru
 54071 | Vaults:3 | Paralysed by a great orb of eyes for 2 turns
 54148 | Vaults:3 | Found a staircase to the Crypt.
 54335 | Vaults:3 | Reached XP level 22. HP: 220/220 MP: 23/23
 55466 | Vaults:4 | Noticed Frederick
 55485 | Vaults:4 | Killed Frederick
 55493 | Vaults:4 | Received a gift from Okawaru
 56208 | Vaults:4 | Identified the +0 tower shield "Gicwuvvi" {Stlth+} (Okawaru
                  | gifted it to you on level 4 of the Vaults)
 56208 | Vaults:4 | Received a gift from Okawaru
 56324 | Vaults:4 | Found Saipro's Weapon Shoppe.
 57017 | Vaults:5 | Entered Level 5 of the Vaults
 57120 | Vaults:4 | Reached XP level 23. HP: 131/231 MP: 24/24
 57291 | Vaults:5 | Found Hyisamp's Weapon Shoppe.
 57323 | Vaults:5 | Found Emelud's Armour Shop.
 57439 | Vaults:5 | Received a gift from Okawaru
 57477 | Vaults:5 | Identified the +8 long sword "Muoqib" {vorpal, rN+ Str+2}
 57524 | Vaults:5 | Identified the -5 hat of Okawaru's Approval {rN++ Str-4
                  | Dex+3} (Okawaru gifted it to you on level 5 of the Vaults)
 57524 | Vaults:5 | Received a gift from Okawaru
 57718 | Vaults:5 | Noticed a dread lich
 57725 | Vaults:5 | Killed a dread lich
 57800 | Vaults:5 | Got a silver rune of Zot
 57853 | Vaults:5 | Got Sif Muna's Collected Works on Transmigration
 57881 | Vaults:5 | Identified the ring of the Cockroach {rF+ AC+4}
 58077 | Vaults:5 | Identified the ring "Yxzuog" {Fire Dex+4}
 58079 | Vaults:5 | Identified the amulet "Dehibb" {Reflect rC++ Str-5 Int+9
                  | SH+5}
 58125 | Vaults:5 | Found the +13 scythe of Curses {drain, Drain}
 58203 | Vaults:5 | Identified the ring "Gucyzene" {rElec rF- AC+4 Str+2}
 58323 | Vaults:5 | Identified the +2 ring mail of Bitterness {Str+3}
 58971 | D:6      | Bought a scroll of magic mapping for 38 gold pieces
 58971 | D:6      | Bought a scroll of enchant weapon for 82 gold pieces
 58971 | D:6      | Bought a scroll of enchant armour for 82 gold pieces
 59425 | Snake:1  | Bought a scroll of enchant weapon for 120 gold pieces
 59431 | Snake:1  | Bought the ring "Jouxtoo" {rF+ Str+5} for 680 gold pieces
 59791 | Crypt:1  | Entered Level 1 of the Crypt
 60156 | Crypt:1  | Identified the +10 gold dragon scales of Abstinence
                  | {Rampage *Slow rPois rF+ rC+ Int+10} (Okawaru gifted it to
                  | you on level 1 of the Crypt)
 60156 | Crypt:1  | Received a gift from Okawaru
 60395 | Crypt:1  | Noticed Aizul
 60404 | Crypt:1  | Killed Aizul
 60494 | Crypt:1  | Found a runed translucent door.
 60497 | Crypt:1  | Noticed Woadakig's ghost (veteran FoFi)
 60723 | Crypt:1  | Killed Woadakig's ghost
 61469 | Crypt:2  | Reached XP level 24. HP: 243/243 MP: 24/24
 61493 | Crypt:3  | Entered Level 3 of the Crypt
 61897 | Crypt:3  | Noticed Bai Suzhen
 61913 | Crypt:3  | Killed Bai Suzhen
 62412 | Crypt:3  | Found a staircase to the Tomb.
 62542 | Crypt:3  | Found a basalt altar of Yredelemnul.
 62720 | Crypt:3  | Identified the +0 ring mail of Noon {rPois Will+ Str+3}
                  | (Okawaru gifted it to you on level 3 of the Crypt)
 62720 | Crypt:3  | Received a gift from Okawaru
 63035 | Crypt:3  | Got Paluc's Guide on Necromancy
 63936 | Depths:1 | Entered Level 1 of the Depths
 63981 | Depths:1 | Found a snail-covered altar of Cheibriados.
 64895 | Depths:1 | Found a gateway to Hell.
 65086 | Depths:2 | Found a bloodstained altar of Trog.
 65240 | Depths:2 | You are sucked into a shaft and drop 1 floor!
 65286 | Depths:3 | Reached skill level 27 in Shields
 65493 | Depths:3 | Noticed Boris
 65501 | Depths:3 | Killed Boris
 65501 | Depths:3 | Received a gift from Okawaru
 65613 | Depths:3 | Found a one-way gate to the infinite horrors of the Abyss.
 65651 | Depths:3 | Found a one-way gate leading to the halls of Pandemonium.
 65694 | Depths:3 | Noticed Mennas
 65723 | Depths:3 | Killed Mennas
 65889 | Depths:3 | Reached XP level 25. HP: 215/255 MP: 24/24
 66383 | Depths:3 | Found a one-way gateway to a ziggurat.
 66809 | Depths:2 | Reached skill level 27 in Fighting
 66868 | Depths:2 | Noticed a juggernaut
 66893 | Depths:2 | Killed a juggernaut
 66893 | Depths:2 | Received a gift from Okawaru
 67250 | Depths:2 | Identified the +10 flail "Impbane" {venom, Int+2}
 67569 | Depths:4 | Entered Level 4 of the Depths
 67688 | Depths:4 | Found Ceikozx Amimn's Armour Shoppe.
 67731 | Depths:4 | Reached skill level 27 in Long Blades
 67909 | Depths:4 | Found a gate to the Realm of Zot.
 68132 | Depths:4 | Noticed the Enchantress
 68158 | Depths:4 | Killed the Enchantress
 68223 | Depths:4 | Reached skill level 15 in Stealth
 69612 | Depths:4 | Received a gift from Okawaru
 69714 | Depths:4 | Acquired the ring "Ziczam" {Str+4 Int-3 Dex+6 SInv}
 69759 | Hell     | Entered the Vestibule of Hell
 69759 | Hell     | Noticed Murray
 69763 | Hell     | Noticed Geryon
 69781 | Hell     | Killed Murray
 69861 | Hell     | Reached XP level 26. HP: 237/266 MP: 24/24
 69966 | Hell     | Killed Geryon
 70553 | Slime:1  | Entered Level 1 of the Pits of Slime
 70871 | Slime:4  | Noticed Dissolution
 70884 | Slime:4  | Paralysed by a floating eye for 2 turns
 70890 | Slime:4  | Paralysed by a floating eye for 4 turns
 71008 | Slime:3  | Killed Dissolution
 71089 | Slime:5  | Entered Level 5 of the Pits of Slime
 71109 | Slime:5  | Identified the +3 scale mail of Okawaru's Whim {Str+5}
                  | (Okawaru gifted it to you on level 5 of the Pits of Slime)
 71109 | Slime:5  | Received a gift from Okawaru
 71326 | Slime:5  | Found a viscous altar of Jiyva.
 71326 | Slime:5  | Noticed the Royal Jelly
 71331 | Slime:5  | Found the +8 lance "Wyrmbane" {slay drac, rPois rF+ rC+
                  | AC+3}
 71339 | Slime:5  | Killed the Royal Jelly
 71379 | Slime:5  | Paralysed by a floating eye for 4 turns
 71393 | Slime:5  | Paralysed by a floating eye for 3 turns
 71424 | Slime:5  | Paralysed by a floating eye for 4 turns
 71462 | Slime:5  | Paralysed by a floating eye for 2 turns
 71496 | Slime:5  | Reached skill level 15 in Dodging
 71582 | Slime:5  | Identified the +12 great sword "Qonesiwk" {freeze, Str+3}
 71590 | Slime:5  | Got a slimy rune of Zot
 71615 | Slime:5  | Identified the +6 arbalest "Asmiugul" {speed, Int+3}
 71617 | Slime:5  | Identified the +2 chain mail of Instinct {Int+4}
 71632 | Slime:5  | Identified the +1 morningstar of Circularity {freeze, *Slow
                  | Will+ MP+9 Dex+9}
 72300 | Pan      | Entered Pandemonium
 72366 | Pan      | Identified the +3 hand axe "Newtbane" {freeze, SInv}
 73038 | Pan      | Noticed Imoimyhix the pandemonium lord
 73049 | Pan      | Killed Imoimyhix the pandemonium lord
 73409 | Pan      | Entered the realm of Mnoleg.
 73465 | Pan      | Received a gift from Okawaru
 73472 | Pan      | Gained mutation: You tend to lose your temper in combat. [a
                  | cacodemon]
 73593 | Pan      | Gained mutation: You have supernaturally acute eyesight.
                  | (SInv) [a neqoxec]
 73593 | Pan      | Paralysed by a floating eye for 2 turns
 73597 | Pan      | Paralysed by a floating eye for 2 turns
 73666 | Pan      | Gained mutation: Armour fits poorly on your strangely
                  | shaped body. [a cacodemon]
 73667 | Pan      | Paralysed by a floating eye for 2 turns
 73673 | Pan      | Paralysed by a floating eye for 4 turns
 73720 | Pan      | Lost intelligence.
 73729 | Pan      | Gained mutation: Your body sometimes deteriorates upon
                  | taking damage. [a cacodemon]
 73740 | Pan      | Gained mutation: You have a somewhat thin skeletal
                  | structure. (Dex +2, Stealth+) [a cacodemon]
 73757 | Pan      | Gained mutation: Potions are less effective at restoring
                  | your health. [a cacodemon]
 73863 | Pan      | Gained mutation: Your body often deteriorates upon taking
                  | damage. [a cacodemon]
 74227 | Pan      | Noticed Mnoleg
 74237 | Pan      | Gained mutation: You are clumsy. (Dex -2) [a shining eye]
 74246 | Pan      | Gained mutation: You often lose your temper in combat. [a
                  | neqoxec]
 74254 | Pan      | Killed Mnoleg
 74260 | Pan      | Gained mutation: You have hidden genetic defects. [a
                  | cacodemon]
 74283 | Pan      | HP: 13/266 [constriction (5)]
 74787 | Pan      | Got a glowing rune of Zot
 74813 | Pan      | Identified the +1 pair of boots "Muvail" {rElec rPois Str-4
                  | Slay+5}
 74882 | Pan      | Lost intelligence.
 74976 | Pan      | Gained mutation: You are frail. (-10% HP) [a neqoxec]
 74979 | Pan      | Lost mutation: You are clumsy. (Dex -2) [a neqoxec]
 74981 | Pan      | Lost mutation: You passively dampen the noise of your
                  | surroundings. [a neqoxec]
 74983 | Pan      | Identified the +5 pair of gloves "Atanegiss" {rF+ rC+}
                  | (Okawaru gifted it to you in Pandemonium)
 74983 | Pan      | Received a gift from Okawaru
 74984 | Pan      | Gained mutation: You are clumsy. (Dex -2) [a neqoxec]
 74994 | Pan      | Reached XP level 27. HP: 245/245 MP: 25/25
 75176 | Pan      | Gained mutation: You are weak. (Str -2) [a cacodemon]
 75404 | Pan      | Noticed Jous the pandemonium lord
 75420 | Pan      | Killed from afar by a hellion

Illustrated notes

Levels and vault maps discovered:
D:1:      wander_arrival_peaceful_grave, layout_basic, serial_shops,
          nicolae_shop_waterfront, nicolae_shop_window_shopping,
          nicolae_shop_advertising_works [nicolae_subvault_shop_adworks],
          minmay_tetromino_s4
D:2:      layout_basic, ebering_ecumenical_altar_webs
D:3:      minmay_chambers_of_twos, layout_rooms,
          nicolae_ru_the_path_less_chosen, hangedman_decor_riveting,
          minmay_misc_feat_doors, feat_on_display
D:4:      layout_loops_ring, enter_ossuary_3, nicolae_shop_dragon_depot
D:5:      layout_gridville
D:6:      layout_rooms, nzn_wu_jian_council_hall, lemuel_crystal_altar,
          serial_shops, shop, shop, uniq_grinder, uniq_edmund,
          uniq_prince_ribbit1
D:7:      layout_gridville, nicolae_dithmenos_through_a_glass_darkly,
          minmay_temple_entry_fiery
D:8:      layout_basic, grunt_gozag_breadcrumbs, mainiacjoe_overflow_boulevard,
          chequers_hall_statues_wall_a, minmay_guarded_unrand_finisher,
          uniq_psyche, uniq_maggie, uniq_erica, uniq_gastronok
D:9:      layout_gridville, amcnicky_altar_gilded,
          mainiacjoe_overflow_catwalk_spiral, mainiacjoe_overflow_divided_tiny,
          erik_lair_island
D:10:     layout_basic, uniq_erolcha
D:11:     layout_cave_pods, erik_orc_1, kennysheep_generic_room_3, uniq_nergalle
D:12:     layout_basic, serial_shops, nicolae_shop_stone
D:13:     layout_rooms, gammafunk_ghost_crypt
D:14:     layout_basic, hangedman_vaults_entry_quadrant_bands,
          minmay_rotating_lava
D:15:     hangedman_depths_entry_civil_slaughter, layout_cave_pods,
          amethyst_killhole
Temple:   chequers_temple_sunken
Lair:1:   layout_regular_city
Lair:2:   layout_cave_pods, minmay_shoals_entry_lonely_mermaid,
          minmay_snake_entry_six_corridors, grunt_forest_stairs_basic
Lair:3:   layout_hall_layers
Lair:4:   layout_cave_pods, hellmonk_ghost_happy_afterlife, uniq_nessos
Lair:5:   layout_loops_ring, grunt_forest_small_clearings,
          eino_small_chamber_without_monster, beast_lair_carwin_2
Lair:6:   minmay_lair_end_enchanted_forest, layout_regular_city,
          dpeg_slime_entry_enclosed_altar, grunt_megastairs_2
Shoals:1: layout_shoals, uniq_nikola
Shoals:2: layout_shoals, gammafunk_ghost_necromancy,
          portal_ice_cave_entry_pillars_2, uniq_ilsuiw
Shoals:3: layout_shoals, uniq_mara, uniq_polyphemus
Shoals:4: shoals_end_grunt_garden, layout_shoals, shoals_ilsuiw_alternative
Snake:1:  layout_gridlike, serial_shops,
          nicolae_shop_temple_entry_statues_fountains, nicolae_shop_self_help,
          grunt_megastairs_4, minmay_shoptagon
Snake:2:  layout_gridlike, serial_shops, shop
Snake:3:  layout_basic, nicolae_snake_guarding_the_ruins, serial_bayou_shore_b
Snake:4:  snake_hunt, layout_cave_town, serial_shops, nicolae_shop_trees,
          grunt_ministairs_15
Slime:1:  cheibrodos_slime_lost_civilization_3, layout_caves
Slime:2:  layout_caves
Slime:3:  cheibrodos_slime_lost_civilization_10, layout_caves
Slime:4:  layout_caves, uniq_dissolution
Slime:5
Orc:1:    cheibrodos_orc_guarddog, layout_diamond_mine, serial_shops, shop,
          uniq_sonja, uniq_maurice
Orc:2:    grunt_orc_tribal_feast, layout_caves, serial_shops, shop, uniq_rupert
Elf:1:    eino_elf_arrival_the_gate, layout_gridlike, serial_shops,
          nicolae_lakefront_shop, hangedman_elven_crosses_minicolossus
Elf:2:    nicolae_elf_blades_crystal_corner, layout_loops_cross, serial_shops,
          nicolae_shop_bloodbath_and_beyond, minivault_25_ag,
          nicolae_elf_martial_mastery
Elf:3:    minmay_elf_hall_curves, layout_loops_ring,
          nicolae_concentric_dashed_squares_wild
Vaults:1: nicolae_vaults_triangles, vaults_standard_mumra_lines,
          vaults_standard_mumra_enter_the_diamond,
          nicolae_vaults_stairing_the_circle, hangedman_vaults_unwind,
          vaults_dpeg_ring, hangedman_vaults_hat, grunt_tower_of_power,
          ontoclasm_vaults_ligature, vaults_room_door_ring, vaults_mumra_lcd,
          vaults_room_pools, nicolae_vaults_shelves_hall,
          layout_vaults_omnicross, serial_shops, shop_statue
Vaults:2: nicolae_vaults_back_hallway, hangedman_vaults_stream,
          vaults_room_door_ring, nicolae_vaults_alarming,
          nicolae_vaults_network_star, vaults_room_semicircle,
          grunt_vaults_bifocal, hangedman_vaults_slice,
          nicolae_vaults_big_angled_halls, v_alt_pattern_5, grunt_vaults_funnel,
          v_misc_13, nicolae_vaults_little_squares_3, layout_vaults_omnibox
Vaults:3: nicolae_vaults_diagonal_hallway_8, nicolae_vaults_ring_of_whatevers,
          minmay_crypt_entry_simple_corners, hangedman_vaults_variations,
          v_pattern_4, hangedman_vaults_river_flow, nicolae_vaults_theta,
          nicolae_vaults_little_squares_2, v_misc_3, vaults_standard_mumra_x,
          nicolae_vaults_angled_halls, ontoclasm_vaults_shuriken,
          hangedman_vaults_trim, vaults_dpeg_encased_lava, layout_vaults_ring
Vaults:4: vaults_room_fancy_cross, v_alt_pattern_3, hangedman_vaults_slice,
          nicolae_vaults_border_crossing, nicolae_vaults_three_branches,
          vaults_room_ringed_pool, v_misc_28, hangedman_vaults_slice,
          layout_vaults_omnigrid, serial_shops, shop, uniq_frederick
Vaults:5: serial_shops
Crypt:1:  layout_basic, ebering_ghost_inner_flame, grunt_megastairs_3,
          grunt_crypt_arrival_webbed, uniq_aizul
Crypt:2:  layout_misc_corridors
Crypt:3:  evilmike_haunted_forest, uniq_bai_suzhen
Depths:1: layout_long_grid, pf_dread_powers_of_hell, skrybe_limestone_x,
          slow_altar_1
Depths:2: minmay_the_grid_octo_tiled_octocenter_mashed
          [minmay_the_grid_octo_odd_swirl, minmay_the_grid_octo_concentric,
          minmay_the_grid_octo_vomiting_pacman, minmay_the_grid_octo_pinwheel,
          minmay_the_grid_octo_prize_ultimate_mussel_roller,
          minmay_the_grid_square_5x5_plus, minmay_the_grid_square_5x5_one_wall,
          minmay_the_grid_square_5x5_trominoes,
          minmay_the_grid_square_5x5_bite], layout_gridville,
          trog_three_pillars_becter, hell_entry, pan_entry
Depths:3: nzn_winding_woodlands_stair_trap [nzn_winding_woodlands_5x15_eye,
          nzn_winding_woodlands_5x15_twine, nzn_winding_woodlands_5x15_zeroes,
          nzn_winding_woodlands_15x15_thick_spiral,
          nzn_winding_woodlands_5x15_garden,
          nzn_winding_woodlands_5x15_concentric,
          nzn_winding_woodlands_5x15_sidewinder], layout_gridlike,
          enter_ziggurat_a, abyss_entry, hell_entry, grunt_pan_entry_spiral,
          minmay_misc_feat_enclosed, uniq_boris, uniq_mennas
Depths:4: grunt_zot_entry_funnels, layout_basic, abyss_entry, serial_shops,
          nicolae_square_shop, hell_entry, serial_sigils_hangedman_shear,
          uniq_enchantress
Hell
Pan:      evilmike_mini_pan_doors_b, layout_irregular_city,
          evilmike_mnoleg_eyes, layout_irregular_city, evilmike_mini_pan_doors,
          layout_gridlike, nicolae_pan_mnolegish_1

Skill      XL: |  1  2  3  4  5  6  7  8  9 10 11 12 13 14 15 16 17 18 19 20 21 22 23 24 25 26 27 |
---------------+----------------------------------------------------------------------------------+-----
Fighting       | 4 5 6 7 8 9 10 12 13 15 17 18 19 20 21 22 23 24 25 26 27 | 27.0
Armour         | 4 5 6 7 8 10 11 13 14 16 17 18 19 20 21 22 23 24 | 24.0
Shields        | 4 5 6 8 9 10 12 13 14 15 17 19 21 22 24 25 27 | 27.0
Long Blades    | 4 5 7 9 10 12 14 15 16 17 18 19 20 21 22 23 24 25 26 27 | 27.0
Dodging        | 1 2 3 4 5 6 7 8 9 10 11 12 13 16 | 16.6
Stealth        | 1 2 3 4 6 8 9 10 11 12 13 15 17 | 17.9
Unarmed Combat | 1 |  1.0
Evocations     | 1 |  1.9
Invocations    | 1 2 3 4 |  4.4

Action                   |  1- 3 |  4- 6 |  7- 9 | 10-12 | 13-15 | 16-18 | 19-21 | 22-24 | 25-27 || total
-------------------------+-------+-------+-------+-------+-------+-------+-------+-------+-------++-------
Melee: Long sword        |    80 |    81 |   328 |    71 |       |   378 |    60 |       |       ||   998
       Headbutt          |     8 |    16 |    75 |   103 |   344 |   354 |   437 |   513 |   425 ||  2275
       Unarmed           |       |       |     6 |       |       |       |       |       |       ||     6
       Scimitar          |       |       |       |   404 |    61 |       |       |       |       ||   465
       Double sword      |       |       |       |     1 |  1261 |   636 |  1507 |  1663 |  1368 ||  6436
       Falchion          |       |       |       |       |       |   372 |       |       |       ||   372
Invok: Heroism           |       |       |       |     5 |    15 |     7 |     7 |     6 |    10 ||    50
Evoke: Wand              |       |       |       |     7 |     9 |       |     2 |     6 |     1 ||    25
  Use: Potion            |       |     1 |     3 |     2 |    10 |     1 |     4 |     1 |     4 ||    26
       Scroll            |       |    10 |     7 |     1 |    16 |     8 |     7 |     4 |     3 ||    56
 Stab: Confused          |       |       |     2 |       |     2 |       |       |       |       ||     4
       Paralysed         |       |       |       |       |     2 |       |       |       |       ||     2
       Sleeping          |       |       |       |       |     8 |    38 |    63 |    79 |    47 ||   235
       Distracted        |       |       |       |       |     2 |    16 |    12 |       |    10 ||    40
       Petrifying        |       |       |       |       |       |     1 |       |       |       ||     1
Armor: Scale mail        |    46 |    34 |   126 |       |       |       |       |       |       ||   206
       Plate armour      |       |       |    50 |   364 |   413 |       |       |       |       ||   827
       Shadow dragon sca |       |       |       |       |   282 |   670 |   993 |   879 |   664 ||  3488
Dodge: Dodged            |    43 |    36 |   147 |   194 |   528 |   487 |   932 |   900 |  1002 ||  4269
Block: Buckler           |    26 |    13 |    86 |   152 |   352 |   112 |       |       |       ||   741
       Kite shield       |       |       |       |       |       |   745 |  1784 |  1781 |  1617 ||  5927
